AoeStats
← WannaS

African Clearing

510979446Analyzed
4v4 RM · 11h ago on Oct 3, 2026· 59m 47s· 8 players
Game mode
Random Map
Map size
Large (8 player)
Population
200
Speed
Normal
Resources
Standard
Victory
Conquest
Starting age
Dark Age
Ending age
Imperial Age
RankedLock teamsTeams togetherTeam positionsShared explorationLock speedFull tech treeHidden civsTurbo modeCheats
Victory
Defeat
🇮🇳 Khmer · India
1406
+14
🇨🇭 Dravidians · Switzerland
1398
+15
🇨🇿 Mongols · Czechia
1383
+15
🇺🇸 Vietnamese · United States
1369
+16
🇨🇳 Huns · China
1397
-17
🇹🇷 Mongols · Türkiye
1364
-15
🇹🇷 Huns · Türkiye
1350
-14
🇨🇳 Hindustanis · China
1350
-14
mylove__
10:32 Loom
13:05 Feudal Age
17:24 Castle Age
15:46 Double-Bit Axe
16:24 Horse Collar
20:53 Fletching
22:10 Horse Collar
27:07 Bow Saw
29:04 Wheelbarrow
31:27 Bodkin Arrow
31:33 Padded Archer Armor
33:37 Fishing Lines
35:36 Gillnets
39:27 Imperial Age
37:55 Leather Archer Armor
38:01 Ballistics
38:40 Gold Mining
39:42 Elite Mangudai
40:23 Bracer
41:54 Chemistry
41:56 Husbandry
42:07 Bloodlines
42:41 Conscription
43:32 Thumb Ring
43:53 Parthian Tactics
45:54 Drill
45:52 Capped Ram
46:25 Town Watch
49:29 Siege Ram
50:49 Nomads
57:53 Scale Barding Armor
58:00 Forging
57:48 Light Cavalry
WannaS
3:58 Loom
13:03 Feudal Age
17:13 Castle Age
15:53 Double-Bit Axe
16:47 Fletching
18:59 Bodkin Arrow
22:46 Padded Archer Armor
30:48 Wheelbarrow
35:44 Imperial Age
34:18 Scale Barding Armor
34:18 Marauders
35:04 Gold Mining
35:48 Bloodlines
35:49 Forging
36:07 Husbandry
37:41 Iron Casting
37:18 Elite Tarkan
38:41 Conscription
39:14 Hand Cart
40:04 Chain Barding Armor
42:00 Blast Furnace
42:10 Plate Barding Armor
46:26 Thumb Ring
47:10 Leather Archer Armor
46:16 Elite Skirmisher
47:11 Squires
47:57 Bracer
49:30 Ballistics
50:42 Chemistry
50:27 Town Watch
52:03 Arson
54:59 Town Patrol
57:25 Pikeman
58:09 Scale Mail Armor
59:18 Chain Mail Armor
58:30 Halberdier
-d
9:44 Loom
14:49 Feudal Age
19:31 Castle Age
22:44 Wheelbarrow
33:09 Scale Barding Armor
36:47 Chain Barding Armor
36:50 Bloodlines
40:23 Forging
40:15 Husbandry
45:22 Imperial Age
45:26 Heavy Camel Rider
46:54 Plate Barding Armor
54:52 Hand Cart
60:06 Iron Casting
后入显风格
4:59 Loom
12:45 Feudal Age
17:09 Castle Age
15:01 Double-Bit Axe
22:26 Horse Collar
25:33 Fletching
31:14 Wheelbarrow
31:24 Bow Saw
31:42 Heavy Plow
32:21 Bodkin Arrow
33:03 Scale Mail Armor
33:22 Pikeman
33:48 Arson
34:22 Gold Mining
34:54 Squires
37:12 Gold Shaft Mining
39:55 Imperial Age
37:54 Chain Mail Armor
37:47 Scale Barding Armor
37:54 Forging
38:26 Husbandry
38:27 Marauders
38:50 Chain Barding Armor
39:18 Bloodlines
39:28 Stone Mining
40:28 Iron Casting
40:00 Elite Tarkan
41:01 Conscription
41:19 Plate Barding Armor
42:41 Blast Furnace
44:54 Light Cavalry
46:22 Bracer
49:26 Chain Mail Armor
51:27 Halberdier
53:10 Hand Cart
Saelian
14:44 Feudal Age
18:23 Castle Age
16:12 Double-Bit Axe
16:14 Horse Collar
18:45 Loom
18:45 Town Watch
19:23 Bow Saw
19:14 Heavy Plow
25:19 Wheelbarrow
28:10 Ballistics
28:08 Fletching
29:55 Husbandry
30:36 Thumb Ring
30:57 Medical Corps
31:14 Gold Mining
31:15 Stone Mining
32:21 Hand Cart
35:51 Imperial Age
33:47 Padded Archer Armor
33:42 Bodkin Arrow
34:20 Masonry
34:05 Murder Holes
35:24 Leather Archer Armor
36:53 Conscription
37:46 Chemistry
36:34 Elite Elephant Archer
38:17 Hoardings
38:37 Bracer
39:07 Ring Archer Armor
40:38 Guilds
43:32 Scale Mail Armor
43:43 Forging
44:03 Ring Archer Armor
42:59 Pikeman
43:39 Squires
43:25 Arson
44:36 Chain Mail Armor
44:08 Halberdier
46:50 Iron Casting
49:57 Coinage
49:30 Caravan
51:38 Plate Mail Armor
52:09 Blast Furnace
51:15 Scale Barding Armor
51:46 Banking
INghost
4:02 Loom
13:47 Feudal Age
14:22 Double-Bit Axe
15:41 Horse Collar
16:07 Stone Mining
18:46 Castle Age
18:56 Town Watch
20:51 Wheelbarrow
27:29 Bow Saw
32:17 Stone Shaft Mining
31:32 Gold Mining
35:01 Gold Shaft Mining
36:05 Bloodlines
35:59 Husbandry
36:37 Fletching
36:48 Padded Archer Armor
38:15 Thumb Ring
38:36 Ballistics
39:52 Bodkin Arrow
40:23 Leather Archer Armor
42:08 Hand Cart
45:11 Imperial Age
45:02 Scale Barding Armor
45:08 Forging
45:40 Murder Holes
45:17 Heavy Camel Rider
46:22 Chain Barding Armor
47:28 Iron Casting
47:56 Nomads
50:31 Chemistry
48:56 Elite Mangudai
49:56 Conscription
51:18 Bracer
53:24 Blast Furnace
58:42 Light Cavalry
HappyHalb
10:54 Loom
13:10 Feudal Age
17:19 Castle Age
15:20 Double-Bit Axe
15:19 Horse Collar
23:59 Fletching
24:28 Bow Saw
24:39 Town Watch
24:40 Town Watch
26:40 Wheelbarrow
26:07 Bodkin Arrow
27:43 Padded Archer Armor
29:34 Ballistics
30:29 Gold Mining
30:45 Town Watch
30:46 Town Watch
32:48 Town Patrol
32:48 Town Patrol
37:30 Imperial Age
36:12 Leather Archer Armor
38:14 Bracer
38:44 Ring Archer Armor
39:16 Chemistry
38:33 Thumb Ring
38:40 Chatras
39:06 Paper Money
40:33 Pikeman
41:14 Squires
41:15 Scale Mail Armor
41:25 Forging
41:25 Halberdier
42:52 Chain Mail Armor
42:24 Elite Rattan Archer
44:59 Two-Man Saw
46:20 Plate Mail Armor
adi.rathore
8:35 Loom
11:11 Feudal Age
11:53 Double-Bit Axe
15:52 Scale Barding Armor
18:58 Forging
22:23 Castle Age
21:52 Bloodlines
22:31 Light Cavalry
24:30 Chain Barding Armor
28:07 Husbandry
29:54 Wheelbarrow
32:15 Iron Casting
33:29 Hand Cart
41:39 Imperial Age
40:24 Horse Collar
41:11 Fletching
42:22 Elite Battle Elephant
43:45 Conscription
43:26 Tusk Swords
47:08 Gold Mining
49:09 Hussar
55:28 Heavy Plow
59:31 Crop Rotation
Connection lost

Rejoining the realm…

Still unreachable

The connection could not be restored.

Session expired

The server has moved on; the page needs a fresh start.